 Dungeon Crawl Stone Soup version 0.31.0-12-g77e489cdc1 (webtiles) character file.

Game seed: 15344446636683365301

13 Gadfly the Trooper (level 2, 0/19 HPs)
             Began as a Gargoyle Fighter on Mar 1, 2024.
             Frozen to death by an endoplasm (2 damage)
             ... on level 1 of the Dungeon.
             The game lasted 00:01:14 (261 turns).

Gadfly the Trooper (Gargoyle Fighter)                Turns: 261, Time: 00:01:15

Health: 0/19       AC:  9    Str: 18    XL:     2   Next: 37%
Magic:  2/2        EV:  9    Int:  7    God:
Gold:   16         SH:  5    Dex: 13    Spells: 1/1 levels left

rFire   . . .        a - +0 flail
rCold   . . .        c - +0 buckler
rNeg    + . .        b - +0 scale mail
rPois   ∞            (no helmet)
rElec   +            (no cloak)
rCorr   .            (no gloves)
SInv    .            (no boots)
Will    .....        (no amulet) Stlth
                     (no ring)
HPRegen 0.23/turn    (no ring)
MPRegen 0.08/turn

%: no passive effects
@: no status effects
A: sickness immunity, AC +2, negative energy resistance 1, electricity
resistance, torment resistance 1, petrification resistance, talons 1, agile 1,
deterioration 1
a: no special abilities


You were on level 1 of the Dungeon.
You visited 1 branch of the dungeon, and saw 1 of its levels.

You collected 16 gold pieces.

Inventory:

Hand Weapons
 a - a +0 flail (weapon)
Armour
 b - a +0 scale mail (worn)
 c - a +0 buckler (worn)
Potions
 d - a potion of might


   Skills:
 + Level 3.4 Fighting
 * Level 2.2 Maces & Flails
 + Level 3.3 Armour
 + Level 3.3 Shields
 * Level 0.8 Invocations
 * Level 0.5 Evocations


You had one spell level left.
You didn't know any spells.
Your spell library was empty.

Dungeon Overview and Level Annotations

Branches:
Dungeon (1/15)

Altars:

Shops:
D:1 =


Innate Abilities, Weirdness & Mutations

You are immune to sickness and miasma.
Your stone body is resilient. (AC +2)
You are immune to poison.
You resist negative energy. (rN+)
You are resistant to electric shocks. (rElec)
You are resistant to unholy torment.
You are immune to petrification.
You have sharp toenails.
You are agile. (Dex +4, Str/Int -1)
Your body sometimes deteriorates upon taking damage.


Message History

You hit the frilled lizard.
You kill the frilled lizard!
The ball python bites you but does no damage.
The ball python completely misses you.
You hit the ball python.
You kill the ball python!
The gnoll hits you from afar with a +4 spear.
You block the gnoll's attack.
You barely miss the gnoll.
The endoplasm hits you but does no damage.
The gnoll hits you with a +4 spear.
You barely miss the gnoll. The endoplasm barely misses you.
The gnoll hits you with a +4 spear. x2
The endoplasm hits you but does no damage.
You are too injured to fight recklessly!
You are too injured to fight recklessly!
You are too injured to fight recklessly!
You are too injured to fight recklessly!
You are too injured to fight recklessly!
You are too injured to fight recklessly!
There are monsters nearby!
There are monsters nearby!
Unknown command.
You hit the gnoll.
The gnoll is lightly wounded.
The gnoll hits you with a +4 spear.
* * * LOW HITPOINT WARNING * * *
The endoplasm barely misses you.
You hit the gnoll but do no damage.
The gnoll is lightly wounded.
The endoplasm freezes you.
You are frozen.
* * * LOW HITPOINT WARNING * * *
The gnoll barely misses you.
It was a potion of mutation.
You feel extremely strange.
Your toenails lengthen and sharpen.
You feel yourself wasting away.
You feel agile. The endoplasm freezes you.
You are frozen.
You die...

.. .# #.#.# ...# # #.#.#
...# #. #.#.# ...# #..
#.#.# ...# #... ...# ...#
.#....##J.# ...#
.....gg@..# ...#
#########.## . .### #..##
...
...################..#.....
##.........................
###################.######
.# .# .#


You could see a gnoll, an endoplasm and a hobgoblin.

Vanquished Creatures
  3 endoplasms (D:1)
  A hobgoblin (D:1)
  A kobold (D:1)
  2 quokkas (D:1)
  A ball python (D:1)
  A bat (D:1)
  A frilled lizard (D:1)
  2 rats (D:1)
12 creatures vanquished.

Notes
Turn   | Place    | Note
-------+----------+-------------------------------------------
     0 | D:1      | Gadfly the Gargoyle Fighter began the quest for the Orb.
     0 | D:1      | Reached XP level 1. HP: 14/14 MP: 1/1
   150 | D:1      | Found Kusch's Jewellery Boutique.
   171 | D:1      | Reached XP level 2. HP: 19/19 MP: 2/2
   261 | D:1      | Gained mutation: You have sharp toenails. [potion of
                  | mutation]
   261 | D:1      | Gained mutation: Your body sometimes deteriorates upon
                  | taking damage. [potion of mutation]
   261 | D:1      | Gained mutation: You are agile. (Dex +4, Str/Int -1)
                  | [potion of mutation]
   261 | D:1      | Frozen to death by an endoplasm

Illustrated notes

Levels and vault maps discovered:
D:1:      onia_arrival_mini_maze_b, layout_basic, serial_shops, shop

Action                     || total
---------------------------++-------
  Melee: Flail             ||    39
    Use: Scroll            ||     1
         Potion            ||     1
 Armour: Scale mail        ||    34
  Dodge: Dodged            ||    21
  Block: Buckler           ||    14
